 Dungeon Crawl Stone Soup version 0.21-a0-1-gaf3b9a5 (webtiles) character file.

2118 nalnalital the Cleaver (level 9, -1/78 HPs)
             Began as a Minotaur Fighter on May 20, 2017.
             Was a Believer of Zin.
             Shot with an arrow by a centaur (2 damage)
             ... on level 8 of the Dungeon.
             The game lasted 00:51:12 (2983 turns).

nalnalital the Cleaver (Minotaur Fighter)           Turns: 2983, Time: 00:51:12

Health: -1/78      AC:  9    Str: 23    XL:     9   Next: 8%
Magic:  8/8        EV:  7    Int:  5    God:    Zin [**....]
Gold:   351        SH: 10    Dex: 11    Spells: 8/8 levels left

rFire    . . .     SeeInvis .   a - +1 war axe
rCold    . . .     Gourm    .   c - +0 shield
rNeg     . . .     Faith    .   x - +0 chain mail
rPois    .         Spirit   .   (helmet restricted)
rElec    .         Reflect  .   (no cloak)
rCorr    .         Harm     .   k - +1 pair of gloves
MR       .....                  m - +0 pair of boots
Stlth    ..........             (no amulet)
Regen    0.3/turn               (no ring)
MPRegen  0.2/turn               (no ring)

@: drained
A: retaliatory headbutt, hooves 1, horns 2, deformed body
a: Recite, Vitalisation, Donate Gold, Renounce Religion


You were on level 8 of the Dungeon.
You worshipped Zin.
Zin was pleased with you.
You were not hungry.

You visited 1 branch of the dungeon, and saw 9 of its levels.

You collected 390 gold pieces.
You donated 39 gold pieces to Zin.

Inventory:

Hand Weapons
 a - a +1 war axe (weapon)
 b - a +0 dire flail
 o - a +3 great sword
Armour
 c - a +0 shield (worn)
 e - a cursed +0 chain mail
 k - a +1 pair of gloves (worn)
 m - a +0 pair of boots (worn)
 x - a +0 chain mail (worn)
Jewellery
 i - an uncursed ring of positive energy {unknown}
 l - an uncursed ring of ice {unknown}
Scrolls
 n - a scroll of blinking {unknown}
 p - a scroll of enchant armour {unknown}
 t - 4 scrolls of teleportation
 w - a scroll of identify
Potions
 d - a potion of might
 g - a potion of mutation
 h - a potion of lignification
 j - 2 potions of haste
 q - a potion of heal wounds
Comestibles
 f - 2 bread rations


   Skills:
 + Level 6.4(6.0) Fighting
 + Level 10.3(9.8) Axes
 + Level 6.4(6.0) Armour
 + Level 2.3(1.9) Dodging
 + Level 0.8(0.4) Stealth
 + Level 6.9(6.5) Shields


You had 8 spell levels left.
You didn't know any spells.

Dungeon Overview and Level Annotations

Branches:
Dungeon (9/15)
 Temple: D:4-7         Lair: D:8-11         Orc: D:9-12

Altars:
Cheibriados
Dithmenos
Elyvilon
Okawaru
Xom
Yredelemnul
Zin
The Shining One

Shops:
D:6 [}   D:7 }


Innate Abilities, Weirdness & Mutations

You reflexively headbutt those who attack you in melee.
You have a pair of horns on your head.
You have large cloven feet.
Armour fits poorly on your strangely shaped body.


Message History

o - an enchanted great sword You can't wield that with a shield.
You can't wield that with a shield.
Found a meat ration.
p - a scroll labeled JUCSEE IFIRABO
Found a scroll of identify.
A centaur comes into view.
The centaur shouts!
The centaur wields a shortbow.
The centaur shoots an arrow.
You block the arrow.
You see here an arrow.
The centaur shoots an arrow.
You block the arrow.
You see here an arrow.
You see here an arrow.
The centaur shoots an arrow.
The arrow hits you!
* * * LOW HITPOINT WARNING * * *
The centaur shoots an arrow.
The arrow hits you but does no damage.
You see here an arrow.
The centaur shoots an arrow.
The arrow hits you.
You die...

.?........## #c..
....# #%.# ##..#
#..# ..#># #(.#
#.#.# #(.#####.#.#
#........#)#
#(####.....###
#.@..[.......#
#......####.#####.#
#......# #.# .#
#......# #.# #
#......# #.#
#......# #.#
#....... ..#
####+## ###


You could see a centaur.

Vanquished Creatures
  The ghost of Exporg the Poker, a novice CeFi of Gozag (D:5)
  A hippogriff (D:7)
  Sigmund (D:4)
  The ghost of Yhamm the Covered, an amateur HuFi (D:3)
  Duvessa (D:4)
  An orc warrior (D:8)
  A sky beast (D:6)
  An ogre (D:6)
  3 bullfrogs
  Dowan (D:4)
  3 wights (D:8)
  A crimson imp (D:5)
  A centaur zombie (D:9)
  2 hounds
  A bullfrog zombie (D:6)
  An orc priest (D:5)
  A gnoll shaman (D:5)
  A worker ant (D:4)
  A hound skeleton (D:5)
  A mummy (D:6)
  3 gnolls (D:5)
  9 adders
  2 howler monkey skeletons
  A shadow imp (D:6)
  An adder zombie (D:1)
  An adder skeleton (D:4)
  2 worms
  2 dart slugs (D:3)
  A leopard gecko (D:6)
  11 orcs
  3 ball pythons
  2 bats
  3 giant cockroaches
  7 goblins
  9 hobgoblins
  3 quokkas
  6 frilled lizards
  A giant cockroach zombie (D:1)
  7 kobolds
  A leopard gecko skeleton (D:4)
  4 rats
104 creatures vanquished.

Notes
Turn   | Place    | Note
-------+----------+-------------------------------------------
     0 | D:1      | nalnalital the Minotaur Fighter began the quest for the Orb.
     0 | D:1      | Reached XP level 1. HP: 19/19 MP: 0/0
   190 | D:1      | Reached XP level 2. HP: 25/26 MP: 1/1
   838 | D:2      | Found a basalt altar of Yredelemnul.
   840 | D:2      | Noticed a profane servitor
   849 | D:2      | Became a worshipper of Yredelemnul the Dark
   858 | D:2      | Found a glowing golden altar of the Shining One.
   860 | D:2      | Noticed an angel
   916 | D:2      | Reached skill level 3 in Axes
   916 | D:2      | Reached XP level 3. HP: 31/33 MP: 2/2
  1061 | D:2      | Found an iron altar of Okawaru.
  1093 | D:2      | Reached XP level 4. HP: 40/40 MP: 3/3
  1253 | D:3      | Reached skill level 4 in Axes
  1275 | D:3      | Noticed a bullfrog
  1276 | D:3      | Found a shimmering altar of Xom.
  1321 | D:3      | Killed a bullfrog
  1321 | D:3      | Reached skill level 1 in Dodging
  1321 | D:3      | Reached XP level 5. HP: 40/46 MP: 4/4
  1379 | D:3      | Reached * piety under Yredelemnul
  1405 | D:4      | Noticed Sigmund
  1410 | D:3      | Reached skill level 5 in Axes
  1447 | D:4      | Killed Sigmund
  1447 | D:4      | Reached XP level 6. HP: 23/53 MP: 5/5
  1529 | D:4      | Reached skill level 6 in Axes
  1623 | D:4      | Reached skill level 5 in Shields
  1734 | D:5      | Entered Level 5 of the Dungeon
  1736 | D:5      | Noticed Exporg's ghost (novice CeFi)
  1829 | D:3      | Noticed Yhamm's ghost (amateur HuFi)
  1844 | D:3      | Killed Yhamm's ghost
  1844 | D:3      | Reached skill level 5 in Fighting
  1844 | D:3      | Reached skill level 5 in Armour
  1844 | D:3      | Reached XP level 7. HP: 39/61 MP: 6/6
  1910 | D:4      | Noticed Dowan
  1911 | D:4      | Noticed Duvessa
  1920 | D:4      | Killed Dowan
  1920 | D:4      | Reached ** piety under Yredelemnul
  1926 | D:4      | Killed Duvessa
  1926 | D:4      | Reached skill level 7 in Axes
  2235 | D:5      | Killed Exporg's ghost
  2235 | D:5      | Reached skill level 8 in Axes
  2235 | D:5      | Reached XP level 8. HP: 25/70 MP: 7/7
  2240 | D:5      | Gained mutation: Armour fits poorly on your strangely shaped body. [potion of mutation]
  2240 | D:5      | Gained mutation: You have large cloven feet. [potion of mutation]
  2324 | D:5      | Found a shadowy altar of Dithmenos.
  2388 | D:5      | Reached skill level 9 in Axes
  2427 | D:6      | Found Pavuvilo's Gadget Shoppe.
  2588 | D:6      | Found a snail-covered altar of Cheibriados.
  2644 | D:6      | Found a glowing silver altar of Zin.
  2654 | D:6      | Fell from the grace of Yredelemnul
  2654 | D:6      | Became a worshipper of Zin the Law-Giver
  2654 | D:6      | Reached * piety under Zin
  2682 | D:6      | Found a white marble altar of Elyvilon.
  2705 | D:6      | Found Wufed's Armour Boutique.
  2714 | D:6      | Reached ** piety under Zin
  2728 | D:7      | Noticed a hippogriff
  2741 | D:7      | Killed a hippogriff
  2741 | D:7      | Reached skill level 10 in Axes
  2765 | D:7      | Found Ynyosaiw's Gadget Shop.
  2922 | D:8      | Reached XP level 9. HP: 11/77 MP: 8/8
  2963 | D:8      | HP: 3/78 [wight/enchanted great sword (1)]
  2981 | D:8      | HP: 1/78 [centaur/arrow (7)]
  2983 | D:8      | Shot with an arrow by a centaur

Vault maps used:
D:1:      saegor_arrival_fortress, dk_noncrumbling_4
D:2:      grunt_temple_overflow_holy_war, kennysheep_okawaru_gauntlet
D:3:      gammafunk_temple_overflow_arena, first_bread
D:4:      kennysheep_generic_room_3, uniq_sigmund, uniq_duvessa
D:5:      nicolae_dithmenos_the_darkroom
D:6:      lemuel_crystal_altar, lemuel_coloured_pillars_altar, slow_altar_1,
          serial_shops, nicolae_shop_overgrown_old_shop,
          nicolae_shop_competitors_out_of_business, shop, shop, shop
D:7:      kennysheep_little_box, fedhas_bush_and_centaur_altar,
          minmay_temple_entry_large_hall, serial_shops, nicolae_shop_crystal,
          shop_fountains, shop, shop
D:8:      serial_shops, shop, shop, shop, kennysheep_mini, uniq_prince_ribbit1
D:9:      nemelex_altar_shiori, chequers_temple_overflow_statue_of_worship,
          special_room, uniq_psyche

Skill      XL: |  1  2  3  4  5  6  7  8 |
---------------+-------------------------+-----
Shields        | 4 5 6 |  6.9
Armour         | 4 5 6 |  6.4
Axes           | 3 4 5 6 8 10 | 10.3
Dodging        | 1 2 |  2.3
Fighting       | 4 5 6 |  6.4
Stealth        | |  0.8

Action                   |  1- 3 |  4- 6 |  7- 9 || total
-------------------------+-------+-------+-------++-------
Melee: War axe           |    98 |   125 |   181 ||   404
       Headbutt          |    16 |    26 |    33 ||    75
  Use: Scroll            |     1 |     3 |     5 ||     9
       Potion            |       |     2 |     5 ||     7
  Eat: Bread ration      |       |     1 |       ||     1
       Meat ration       |       |       |     1 ||     1
Armor: Scale mail        |    42 |    20 |       ||    62
       Chain mail        |       |    40 |    63 ||   103
Dodge: Dodged            |    14 |    41 |    32 ||    87
Block: Shield            |    51 |    49 |    90 ||   190
